Map: Cerulean Fall LE

Players

OldGregg - Winner!

  • Race: Zerg Zerg
  • League: Platinum
  • Spawn Location: 7:00

Nihility

  • Race: Protoss Protoss
  • League: Gold
  • Spawn Location: 1:00

VOD

Have the link to the VOD?

Description

Time

  • Played on: Dec. 2, 2018, 4:24 p.m.
  • Length: 8:00
Show
View Real Time Build Order
Export as new Build Order

OldGregg Zerg - Winner!

Build Orders: Pool First 

Get SALT Encoding   

  12  0:01  Drone  
  13  0:14  Overlord  
  13  0:18  Drone  
  14  0:33  Drone x2  
  16  0:38  Drone  
  17  1:02  Spawning Pool  
  16  1:04  Drone  
  16  1:05  Drone  
  18  1:22  Hatchery  
  18  1:24  Drone  
  18  1:37  Extractor  
  17  1:40  Overlord  
  17  1:51  Drone  
  18  1:55  Zergling x4  
  20  2:08  Zergling x2  
  21  2:29  Zergling x2  
  22  2:31  Overlord  
  22  2:36  Metabolic Boost  
  22  2:48  Hatchery  
  22  2:49  Drone x2  
  23  3:04  Queen  
  25  3:18  Drone x2, Roach Warren  
  26  3:24  Drone  
  26  3:25  Drone  
  28  3:27  Drone  
  29  3:37  Spine Crawler  
  28  3:46  Spine Crawler  
  27  3:48  Drone  
  27  3:49  Drone  
  27  3:52  Drone  
  30  4:06  Roach x2  
  34  4:18  Roach x2  
  34  4:19  Roach  
  34  4:24  Overlord  
  40  4:33  Roach  
  40  4:36  Overlord  
  42  4:42  Extractor  
  42  4:44  Ravager x2  
  43  4:55  Roach x3  
  43  4:59  Overlord  
  49  5:00  Drone x2  
  51  5:08  Spore Crawler  
  51  5:10  Spore Crawler  
  49  5:18  Drone  
  49  5:19  Drone x2  
  52  5:23  Ravager  
  54  5:42  Roach  
  54  5:43  Roach x4  
  57  6:06  Zergling x4  
  57  6:07  Zergling x6  
  58  6:31  Spore Crawler  
  55  6:35  Spore Crawler  
  55  6:37  Ravager  
  55  6:42  Lair  
  55  6:45  Drone x3  
  55  6:46  Drone x3  
  61  6:57  Spore Crawler  
  56  7:17  Ravager  
  57  7:40  Zergling x4  
  57  7:41  Zergling x8  
Show
View Real Time Build Order
Export as new Build Order

Nihility Protoss 

Build Orders:  

Get SALT Encoding   

  12  0:01  Probe  
  13  0:13  Probe  
  14  0:18  Pylon  
  14  0:25  Probe  
  15  0:35  Probe  
  15  0:37  Forge  
  16  0:43  Probe  
  17  0:53  Probe  
  17  0:56  Pylon  
  18  1:05  Probe  
  18  1:09  Gateway  
  19  1:20  Photon Cannon  
  19  1:21  Probe  
  20  1:27  Assimilator  
  20  1:33  Probe  
  21  1:44  Photon Cannon  
  21  2:00  Pylon  
  21  2:01  Probe  
  22  2:09  Assimilator  
  22  2:15  Pylon  
  22  2:20  Photon Cannon  
  21  2:28  Probe  
  22  2:31  Photon Cannon  
  22  2:40  Probe  
  23  2:46  Cybernetics Core  
  23  2:52  Probe  
  24  3:08  Nexus  
  24  3:20  Photon Cannon  
  24  3:27  Pylon  
  24  3:30  Probe  
  25  3:39  Assimilator  
  25  3:42  Probe  
  26  3:49  Pylon  
  26  3:54  Probe, Assimilator  
  27  4:04  Stargate  
  27  4:06  Probe  
  28  4:18  Stargate  
  28  4:22  Probe x2  
  30  4:40  Probe x2  
  30  4:44  Stargate  
  32  4:50  Stargate  
  32  4:52  Probe  
  33  4:59  Probe  
  34  5:04  Probe  
  35  5:08  Void Ray  
  39  5:19  Probe x2  
  41  5:24  Void Ray  
  45  5:31  Probe x2  
  47  5:53  Pylon  
  47  5:58  Photon Cannon  
  47  6:05  Void Ray  
  47  6:08  Void Ray  
  47  6:33  Void Ray  
  51  6:42  Pylon  
  51  6:47  Pylon  
  51  6:59  Probe, Void Ray x2  
  59  7:07  Probe  
  53  7:18  Probe  
Tags
 
Add a new tag
Caveats
  • Supply blocks, unpowered buildings, or Contaminate may cause inaccurate times.
  • Supply counts are checked every 10 seconds.